 Dungeon Crawl Stone Soup version 0.31.0-11-ge490571c62 (webtiles) character file.

Game seed: 949483255449634064

510 qw the Skirmisher (level 6, 0/35 HPs)
             Began as a Deep Elf Hunter on Feb 4, 2024.
             Slain by Pikel
             ... wielding a +2 whip of freezing
              (3 damage)
             ... on level 5 of the Dungeon.
             The game lasted 00:00:17 (3499 turns).

qw the Skirmisher (Deep Elf Hunter)                 Turns: 3499, Time: 00:00:17

Health: 0/35       AC:  8    Str: 10    XL:     6   Next: 98%
Magic:  8/8        EV: 11    Int: 14    God:
Gold:   207        SH:  0    Dex: 18    Spells: 5/5 levels left

rFire   . . .        a - +0 shortbow
rCold   . . .        (shield currently unavailable)
rNeg    . . .        f - +1 ring mail
rPois   .            o - +0 helmet
rElec   .            (no cloak)
rCorr   .            (no gloves)
SInv    .            j - +0 pair of boots
Will    .....        e - amulet of regeneration
Stlth   +            k - +4 ring of slaying {mikee}
HPRegen 1.05/turn    (no ring)
MPRegen 0.11/turn

%: no passive effects
@: about to teleport
A: wild magic 1
a: no special abilities


You were on level 5 of the Dungeon.
You visited 1 branch of the dungeon, and saw 5 of its levels.

You collected 291 gold pieces.
You spent 84 gold pieces at shops.


Innate Abilities, Weirdness & Mutations

Your spells are a little harder to cast, but a little more powerful.


   Skills:
 - Level 2.0 Fighting
 - Level 10.5 Ranged Weapons
 - Level 1.1 Armour
 + Level 2.6 Dodging
 - Level 1.2 Stealth


You had 5 spell levels left.
You didn't know any spells.
Your spell library was empty.

Inventory:

Hand Weapons
 a - a +0 shortbow (weapon)
Armour
 f - a +1 ring mail (worn)
 j - a +0 pair of boots (worn)
 o - a +0 helmet (worn)
Jewellery
 e - an amulet of regeneration (around neck)
 k - a +4 ring of slaying (left hand) {mikee}
 r - a +6 ring of strength
 s - a +5 ring of evasion
Wands
 n - a wand of flame (10)
 t - a wand of charming (11)
 u - a wand of iceblast (7)
Scrolls
 q - 4 scrolls of identify
 w - a scroll of enchant weapon {unknown}
Potions
 b - a potion of resistance
 c - 2 potions of degeneration {unknown}
 d - a potion of curing
 g - a potion of attraction {unknown}
 h - a potion of lignification {unknown}
 i - a potion of mutation
 l - 2 potions of enlightenment {unknown}
 m - a potion of haste {unknown}
 p - a potion of brilliance {unknown}

Dungeon Overview and Level Annotations

Branches:
Dungeon (5/15)
 Temple: D:4-7

Altars:
Gozag
Hepliaklqana
Makhleb
Qazlal
Uskayaw
Wu Jian
The Shining One

Shops:
D:5 ?

Annotations:
D:5 Pikel


Message History

Pikel freezes you.
You shoot an arrow. The arrow hits Pikel.
Pikel is moderately wounded.
Pikel hits you but does no damage.
You shoot an arrow.
The arrow hits Pikel but does no damage.
Pikel is moderately wounded.
Pikel hits you with a +2 whip of freezing.
Pikel freezes you.
You shoot an arrow. The arrow hits Pikel.
Pikel is heavily wounded.
Pikel hits you with a +2 whip of freezing.
Pikel freezes you.
You shoot an arrow. The arrow closely misses Pikel.
The arrow barely misses the lemure.
The arrow hits the lemure.
The lemure is moderately wounded.
Pikel hits you but does no damage.
You shoot an arrow. The arrow closely misses Pikel.
The arrow hits the lemure!
The lemure is severely wounded.
Pikel hits you with a +2 whip of freezing.
Pikel freezes you.
You shoot an arrow. The arrow hits Pikel.
Pikel is heavily wounded.
Pikel closely misses you.
You shoot an arrow.
The arrow hits Pikel but does no damage.
Pikel is heavily wounded.
Pikel hits you with a +2 whip of freezing.
Pikel freezes you.
3498 ||| READING scroll of teleportation.
As you read the scroll of teleportation, it crumbles to dust.
You feel strangely unstable. Pikel barely misses you.
You shoot an arrow. The arrow hits Pikel.
Pikel is severely wounded.
Pikel hits you with a +2 whip of freezing.
Pikel freezes you.
Pikel hits you with a +2 whip of freezing.
You die...
Pikel says, "See you in Hell!"

# ##.##.~~~~ #
#####...# ... #
#.......###'# ###
#.###..##..K# ..# #.#
#..##..## #.#
#.###..##..# #.#
#.##...##..#
#.########.##..###5.#
..........#.....@K55#
..########.##..###5##
### #.##[.###.# ##
#....."...# .#
####..##### .# #..#
#######..##### .##
#............# ..#
#.##########.#


You could see Pikel and 4 lemures.

Vanquished Creatures
  Edmund (D:5)
  Blork the orc (D:5)
  An orc priest (D:4)
  2 iguanas
  Robin (D:3)
  3 gnolls (D:5)
  8 adders
  A shadow imp (D:5)
  2 ufetubi (D:4)
  A dart slug (D:5)
  9 orcs
  6 bats
  6 endoplasms
  2 giant cockroaches
  16 goblins
  19 hobgoblins
  4 jackals (D:1)
  6 kobolds
  2 quokkas (D:5)
  6 ball pythons
  3 frilled lizards (D:1)
  5 rats
105 creatures vanquished.

Notes
Turn   | Place    | Note
-------+----------+-------------------------------------------
     0 | D:1      | qw the Deep Elf Hunter began the quest for the Orb.
     0 | D:1      | Reached XP level 1. HP: 12/12 MP: 3/3
     0 | D:1      | 0 ||| qw: Version: 0.3-a-160-g6735b56
     0 | D:1      | 0 ||| qw: Game counter: 4779
     0 | D:1      | 0 ||| qw: Melee chars always use a shield: true
     0 | D:1      | 0 ||| qw: God list: Okawaru
     0 | D:1      | 0 ||| qw: Allow faded altars: false
     0 | D:1      | 0 ||| qw: Do Orc after clearing Dungeon:15 true
     0 | D:1      | 0 ||| qw: Do second Lair branch before Depths: true
     0 | D:1      | 0 ||| qw: Lair rune preference: random
     0 | D:1      | 0 ||| qw: Goals: Normal
     0 | D:1      | 0 ||| PLANNING D:1-11
    73 | D:1      | Reached XP level 2. HP: 10/16 MP: 4/4
   176 | D:1      | Reached skill level 6 in Ranged Weapons
   394 | D:1      | Reached XP level 3. HP: 20/20 MP: 5/5
   829 | D:1      | 829 ||| UPGRADING to +0 ring mail.
   839 | D:1      | 839 ||| DROPPING +0 leather armour.
   840 | D:1      | 840 ||| UPGRADING to +4 ring of slaying {mikee}.
   841 | D:1      | 841 ||| READING scroll labelled CEXOXILLETZ.
   841 | D:1      | 841 ||| IDENTIFYING orange potion
   842 | D:1      | 842 ||| READING scroll labelled IHAOFI JATIU.
   843 | D:1      | 843 ||| READING scroll labelled WOANWY MAGINGU.
   844 | D:1      | 844 ||| READING scroll labelled YSSADI XUNG.
   945 | D:1      | 945 ||| DROPPING scroll of butterflies.
   946 | D:1      | 946 ||| DROPPING potion of ambrosia.
  1004 | D:2      | You fall into a shaft and drop 1 floor!
  1036 | D:2      | Reached skill level 7 in Ranged Weapons
  1124 | D:2      | Found an ornate altar of the Wu Jian Council.
  1536 | D:2      | 1536 ||| UPGRADING to amulet of regeneration.
  1541 | D:2      | 1541 ||| READING scroll labelled ELUAVAONTE.
  1541 | D:2      | 1541 ||| ENCHANTING +0 ring mail.
  1723 | D:3      | Reached XP level 4. HP: 25/25 MP: 6/6
  1727 | D:3      | Noticed Robin
  1734 | D:3      | Killed Robin
  2009 | D:3      | 2009 ||| UPGRADING to +0 pair of boots.
  2014 | D:3      | 2014 ||| UPGRADING to +0 helmet.
  2019 | D:3      | 2019 ||| DROPPING amulet of magic regeneration.
  2020 | D:3      | 2020 ||| READING scroll of identify.
  2020 | D:3      | 2020 ||| IDENTIFYING murky coppery potion
  2021 | D:3      | 2021 ||| READING scroll labelled NEIBLA XIAZUF.
  2022 | D:3      | 2022 ||| DRINKING 2 bubbling purple potions.
  2023 | D:3      | 2023 ||| DRINKING 2 viscous dark potions.
  2023 | D:3      | Gained mutation: Your spells are a little harder to cast,
                  | but a little more powerful. [potion of mutation]
  2039 | D:4      | 2039 ||| STAIRDANCE
  2045 | D:4      | 2045 ||| STAIRDANCE
  2075 | D:4      | Reached skill level 8 in Ranged Weapons
  2122 | D:4      | 2122 ||| FLEEEEING.
  2123 | D:4      | 2123 ||| FLEEEEING.
  2124 | D:4      | 2124 ||| FLEEEEING.
  2125 | D:4      | 2125 ||| FLEEEEING.
  2126 | D:4      | 2126 ||| FLEEEEING.
  2127 | D:4      | 2127 ||| FLEEEEING.
  2128 | D:4      | 2128 ||| FLEEEEING.
  2129 | D:4      | 2129 ||| FLEEEEING.
  2130 | D:4      | 2130 ||| FLEEEEING.
  2139 | D:4      | Reached XP level 5. HP: 28/29 MP: 7/7
  2309 | D:4      | Reached skill level 9 in Ranged Weapons
  2433 | D:4      | Found a stormy altar of Qazlal.
  2437 | D:4      | Found a hazy altar of Hepliaklqana.
  2444 | D:4      | Found a glowing golden altar of the Shining One.
  2448 | D:4      | Found an opulent altar of Gozag.
  2452 | D:4      | Found an ornate altar of the Wu Jian Council.
  2457 | D:4      | Found a burning altar of Makhleb.
  2779 | D:4      | 2779 ||| READING scroll labelled LUOSI GAFYWNE.
  2789 | D:5      | Entered Level 5 of the Dungeon
  2883 | D:5      | Reached skill level 1 in Armour
  2901 | D:5      | Reached XP level 6. HP: 32/35 MP: 8/8
  2914 | D:5      | Noticed a +0 hand axe
  2914 | D:5      | Noticed a +0 dagger
  2917 | D:5      | Found a hide-covered altar of Uskayaw.
  3047 | D:5      | Found The Oracle's Delphic Readings.
  3051 | D:5      | 3051 ||| BUYING scroll of identify (24 gold).
  3051 | D:5      | Bought a scroll of identify for 24 gold pieces
  3051 | D:5      | 3051 ||| BUYING scroll of identify (24 gold).
  3051 | D:5      | Bought a scroll of identify for 24 gold pieces
  3051 | D:5      | 3051 ||| BUYING scroll of teleportation (36 gold).
  3051 | D:5      | Bought a scroll of teleportation for 36 gold pieces
  3068 | D:5      | Noticed Blork the orc
  3074 | D:5      | Killed Blork the orc
  3147 | D:5      | Noticed Edmund
  3148 | D:5      | 3148 ||| ZAPPING wand of iceblast (9) at 1,3 (Edmund;
                  | floor).
  3149 | D:5      | 3149 ||| ZAPPING wand of iceblast (8) at 1,2 (Edmund;
                  | floor).
  3156 | D:5      | Killed Edmund
  3157 | D:5      | Reached skill level 10 in Ranged Weapons
  3471 | D:5      | Noticed Pikel
  3472 | D:5      | 3472 ||| RETREEEEATING.
  3474 | D:5      | 3474 ||| RETREEEEATING.
  3476 | D:5      | 3476 ||| RETREEEEATING.
  3477 | D:5      | 3477 ||| RETREEEEATING.
  3478 | D:5      | 3478 ||| RETREEEEATING.
  3479 | D:5      | 3479 ||| RETREEEEATING.
  3481 | D:5      | 3481 ||| RETREEEEATING.
  3497 | D:5      | HP: 7/35 [Pikel/+2 whip of freezing (4)]
  3498 | D:5      | 3498 ||| READING scroll of teleportation.
  3499 | D:5      | HP: 3/35 [Pikel/+2 whip of freezing (1)]
  3499 | D:5      | Slain by Pikel

Levels and vault maps discovered:
D:1:      dpeg_arrival_court, layout_loops_ring, minmay_tall_x
D:2:      layout_loops_ring, basic_altar, hangedman_abyss_or_decor_lesser_grid
D:3:      layout_rooms, uniq_robin
D:4:      layout_basic, nicolae_overflow_hallway_of_the_gods
D:5:      layout_loops_ring, dancing_weapons_uskayaw,
          dreamdust_princess_corridor, minmay_misc_feat_hallway,
          nrook_pool_corridor, nicolae_nh_oracle_at_delphi, uniq_pikel,
          uniq_blork_the_orc, uniq_edmund

Skill      XL: |  1  2  3  4  5  6 |
---------------+-------------------+-----
Ranged Weapons | 6 7 8 9 10 | 10.5
Fighting       | 2 |  2.0
Armour         | 1 |  1.1
Dodging        | |  2.6
Stealth        | |  1.2

Action                     |  1- 3 |  4- 6 || total
---------------------------+-------+-------++-------
   Fire: Shortbow          |   121 |   169 ||   290
  Evoke: Wand              |       |     2 ||     2
    Use: Scroll            |     5 |     4 ||     9
         Potion            |       |     2 ||     2
 Armour: Leather armour    |    31 |       ||    31
         Ring mail         |     2 |    57 ||    59
  Dodge: Dodged            |    42 |    28 ||    70

Table legend:
 A = Non-vault XP
 B = Vault XP
 C = Vault XP percentage of total XP
 D = Non-vault monster count
 E = Vault monster count
 F = Vault count percentage of total count
                 A         B        C        D         E       F
            +---------+---------+-------+---------+---------+-------
      Total |     393 |     336 |  46.1 |      84 |      21 |  20.0
            +---------+---------+-------+---------+---------+-------
        D:1 |      49 |       6 |  10.9 |      29 |       4 |  12.1
        D:2 |      27 |       0 |   0.0 |      10 |       0 |   0.0
        D:3 |      16 |      39 |  70.9 |       9 |      13 |  59.1
        D:4 |     162 |       0 |   0.0 |      21 |       0 |   0.0
        D:5 |     139 |     291 |  67.7 |      15 |       4 |  21.1
            +---------+---------+-------+---------+---------+-------
